 Dungeon Crawl Stone Soup version 0.27-a0-1342-ga99462a43c (webtiles) character file.

Game seed: 17851702212936366038

14407 27snakeeyes612 the Cleaver (level 12, 0/112 HPs)
             Began as a Hill Orc Fighter on June 27, 2021.
             Was an Initiate of Makhleb.
             Killed by divine providence
             ... invoked by a meliai
              (14 damage)
             ... on level 3 of the Abyss.
             The game lasted 00:12:21 (16033 turns).

27snakeeyes612 the Cleaver (Hill Orc Fighter)      Turns: 16033, Time: 00:12:21

Health: 0/112      AC: 21    Str: 20    XL:     12   Next: 16%
Magic:  12/12      EV:  6    Int:  8    God:    Makhleb [......]
Gold:   735        SH: 13    Dex: 10    Spells: 11/11 levels left

rFire    . . .     SeeInvis +   H - +3 war axe (freeze)
rCold    . . .     Faith    .   c - +1 kite shield
rNeg     . . .     Spirit   .   z - +0 plate armour
rPois    .         Reflect  .   k - +2 helmet {SInv}
rElec    .         Harm     .   d - +0 cloak
rCorr    .         Rampage  .   e - +0 pair of gloves
Will     .....                  (no boots)
Stlth    ..........             (no amulet)
HPRegen  0.00/turn              (no ring)
MPRegen  0.13/turn              (no ring)

@: diseased
A: [weak 2]
a: Renounce Religion


You were on level 3 of the Abyss.
You worshipped Makhleb.
Makhleb was noncommittal.
You visited 2 branches of the dungeon, and saw 13 of its levels.
You visited the Abyss 1 time.

You collected 735 gold pieces.

Inventory:

Hand Weapons
 a - a +1 war axe
 n - a +1 battleaxe of freezing
 q - a +1 mace of draining
 t - a +0 morningstar
 u - a +4 battleaxe
 H - a +3 war axe of freezing (weapon)
Armour
 b - a +0 scale mail
 c - a +1 kite shield (worn)
 d - a +0 cloak (worn)
 e - a +0 pair of gloves (worn)
 k - a +2 helmet of see invisible (worn)
 y - a +0 tower shield
 z - a +0 plate armour (worn)
Jewellery
 p - a ring of see invisible
 x - a ring of resist corrosion
Wands
 B - a wand of digging (6)
 D - a wand of flame (13)
Scrolls
 j - 4 scrolls of identify
 l - a scroll of magic mapping
 m - 2 scrolls of enchant armour
 o - 2 scrolls of amnesia
 w - a scroll of enchant weapon
 A - a scroll of silence
 F - a scroll of fog
Potions
 f - 2 potions of flight
 g - 2 potions of haste
 h - a potion of brilliance
 i - 2 potions of attraction
 r - 2 potions of degeneration
 s - 2 potions of cancellation
 C - a potion of might
 E - a potion of mutation
 I - 2 potions of invisibility


   Skills:
 + Level 11.9 Fighting
 + Level 12.7 Axes
 + Level 11.0 Armour
 - Level 0.7 Dodging
 + Level 10.9 Shields


You had 11 spell levels left.
You didn't know any spells.
Your spell library contained the following spells:

 Spells                   Type           Power      Damage    Failure   Level
 Corona                   Hex            0%         N/A       100%        1
 Ensorcelled Hibernation  Hex/Ice        0%         N/A       100%        2
 Confusing Touch          Hex            0%         N/A       100%        3
 Dazzling Flash           Conj/Hex       0%         N/A       100%        3
 Gell's Gravitas          Tloc           0%         N/A       100%        3
 Tukima's Dance           Hex            0%         N/A       100%        3
 Petrify                  Tmut/Erth      0%         N/A       100%        4
 Metabolic Englaciation   Hex/Ice        0%         N/A       100%        5
 Yara's Violent Unravell  Hex/Tmut       0%         3d3       100%        5


Dungeon Overview and Level Annotations

Branches:
Dungeon (12/15)            Temple (1/1) D:4            Lair (0/6) D:8
    Orc: D:9-12

Altars:
Ashenzari
Cheibriados
Dithmenos
Elyvilon
Fedhas
Gozag
Hepliaklqana
Kikubaaqudgha
Makhleb
Nemelex Xobeh
Okawaru
Qazlal
Ru
Sif Muna
Trog
Uskayaw
Vehumet
Wu Jian
Xom
Yredelemnul
Zin
The Shining One


Innate Abilities, Weirdness & Mutations

[You are very weak. (Str -4)]


Message History

You feel yourself growing ill in the presence of the ancient zyme.
An iron imp comes into view.
It is wielding the +8 dagger of Action {freeze, rCorr Int+3 Dex+4}.
You block the spatial maelstrom's attack.
The spatial maelstrom hits you. Space bends around you.
You feel ill.
The thrashing horror tramples you but does no damage. x2
You are suddenly pulled into a different region of the Abyss!
You see here a +0 rapier.
Found a +0 rapier.
You see here a +0 rapier.
You feel better.
You start resting.
You feel your health improve.
You start resting.
An ancient zyme comes into view.
You feel yourself growing ill in the presence of the ancient zyme.
You feel yourself growing ill in the presence of the ancient zyme.
A large abomination comes into view.
You feel yourself growing ill in the presence of the ancient zyme.
Found an elf corpse.
A small abomination comes into view.
The small abomination moves out of view.
A meliai comes into view. It is wielding a +0 hand axe.
A large abomination comes into view.
The meliai calls down the wrath of its god upon you.
Something smites you!
The large abomination hits you but does no damage.
You hear a horrible gurgling sound!
Found two elf corpses.
The large abomination hits you!!
* * * LOW HITPOINT WARNING * * *
The ancient zyme hits you but does no damage.
You block the ancient zyme's attack.
You feel ill.
The meliai invokes the aid of its god against you.
Something smites you!
* * * LOW HITPOINT WARNING * * *
You feel ill. The meliai hits you but does no damage.
You block the meliai's attack.
The meliai calls down the wrath of its god upon you.
Something smites you!
You die...

# . ##...# # ...
###. .# #. ..###
. ##.x) #.
#...##..... #...
...#. . ####
###.##.#..#
#..###.#.....#
.#
♣@y.#..#.....#
#x ♣.x...#..##.
#..#
♣.#.X...##.##...
♣...#x.....# ...
♣#..##X......# .
#...##...... ..
##...#.#......#
#......###...
..... ∩.....#..


You could see an ancient zyme, 2 large abominations, a small abomination and a
meliai.

Vanquished Creatures
  Gastronok (D:11)
  Erolcha (D:11)
  A hydra (D:11)
  An ugly thing (D:12)
  A cyclops (D:11)
  A manticore (D:11)
  An elephant (D:8)
  An unseen horror (D:10)
  2 trolls
  A hornet (D:8)
  Prince Ribbit (D:8)
  A wraith (D:11)
  A wyvern (D:7)
  10 yaks
  A vampire (D:11)
  A basilisk (D:8)
  A steam dragon (D:8)
  Duvessa (D:7)
  2 acid dragons
  A water moccasin (D:8)
  5 orc warriors
  2 sky beasts
  4 ice beasts
  2 black bears
  10 centaurs
  3 ogres
  Blork the orc (D:4)
  A bullfrog (D:7)
  A kobold brigand (D:5)
  A wyvern zombie (D:5)
  2 gnoll sergeants
  Dowan (D:7)
  4 scorpions
  A water moccasin skeleton (D:5)
  A troll skeleton (D:10)
  4 killer bees (D:9)
  5 spriggan skeletons (D:10)
  2 wights (D:6)
  3 howler monkeys
  9 centaur zombies
  3 hounds
  A jelly (D:5)
  4 orc priests
  Crazy Yiuf (D:3)
  A bullfrog skeleton (D:5)
  A centaur skeleton (D:6)
  An iguana (D:5)
  Terence (D:3)
  Ijyb (D:3)
  3 orc wizards
  A hound skeleton (D:4)
  A howler monkey zombie (D:3)
  9 gnolls
  5 adders
  A shadow imp (D:7)
  An ufetubus (D:4)
  5 worms
  2 dart slugs
  25 orcs
  6 ball pythons
  5 bats
  4 endoplasms
  A giant cockroach (D:4)
  8 hobgoblins
  3 jackals (D:2)
  12 kobolds
  7 quokkas
  A frilled lizard (D:1)
  7 goblins
  5 rats
219 creatures vanquished.

Vanquished Creatures (others)
  3 plants (D:5)
  4 starspawn tentacles (Abyss:3)
7 creatures vanquished.

Grand Total: 226 creatures vanquished

Notes
Turn   | Place    | Note
-------+----------+-------------------------------------------
     0 | D:1      | 27snakeeyes612 the Hill Orc Fighter began the quest for the
                  | Orb.
     0 | D:1      | Reached XP level 1. HP: 19/19 MP: 1/1
   133 | D:1      | Reached XP level 2. HP: 27/27 MP: 2/2
   378 | D:1      | Reached skill level 3 in Axes
   434 | D:1      | Found a faded altar of an unknown god.
   697 | D:1      | Reached XP level 3. HP: 30/33 MP: 3/3
  1453 | D:2      | Reached XP level 4. HP: 39/40 MP: 4/4
  2012 | D:3      | Reached skill level 4 in Axes
  2399 | D:3      | Reached XP level 5. HP: 16/47 MP: 5/5
  2955 | D:3      | Noticed Terence
  2959 | D:3      | Noticed Ijyb
  2973 | D:3      | Killed Terence
  2976 | D:3      | Killed Ijyb
  3253 | D:3      | Found a runed translucent door.
  3254 | D:3      | Noticed Crazy Yiuf
  3261 | D:3      | Killed Crazy Yiuf
  3383 | D:4      | Noticed an ogre
  3391 | D:4      | Killed an ogre
  3392 | D:4      | Reached skill level 5 in Axes
  3392 | D:4      | Reached XP level 6. HP: 40/55 MP: 6/6
  3404 | D:4      | Reached skill level 5 in Fighting
  3548 | D:4      | Found a hazy altar of Hepliaklqana.
  3573 | D:4      | Reached skill level 5 in Armour
  3620 | D:4      | Noticed Blork the orc
  3632 | D:4      | Killed Blork the orc
  3633 | D:4      | Reached XP level 7. HP: 40/61 MP: 7/7
  3858 | D:4      | Found a staircase to the Ecumenical Temple.
  3938 | Temple   | Entered the Ecumenical Temple
  4555 | D:5      | Entered Level 5 of the Dungeon
  4590 | D:5      | Reached skill level 5 in Shields
  4726 | D:5      | Reached skill level 6 in Axes
  5344 | D:5      | Reached XP level 8. HP: 46/70 MP: 8/8
  5663 | D:5      | Reached skill level 7 in Axes
  6838 | D:6      | Found a shimmering altar of Xom.
  6838 | D:6      | Noticed an angel
  6842 | D:6      | Found a glowing silver altar of Zin.
  7394 | D:6      | Reached skill level 8 in Axes
  7394 | D:6      | Reached XP level 9. HP: 23/79 MP: 9/9
  8305 | D:7      | Noticed Duvessa
  8323 | D:7      | Noticed Dowan
  8333 | D:7      | Killed Duvessa
  8343 | D:7      | Killed Dowan
  8632 | D:7      | Found a snail-covered altar of Cheibriados.
  8681 | D:7      | Found a shadowy altar of Dithmenos.
  8933 | D:7      | Reached skill level 9 in Axes
  9495 | D:8      | Found a staircase to the Lair.
  9495 | D:8      | Noticed an elephant
  9558 | D:8      | Reached XP level 10. HP: 74/91 MP: 10/10
  9568 | D:8      | Killed an elephant
  9739 | D:8      | Reached skill level 10 in Axes
 10274 | D:8      | Paralysed by a hornet for 1 turns
 10284 | D:8      | Paralysed by a hornet for 3 turns
 10621 | D:8      | Noticed Prince Ribbit
 10744 | D:8      | Killed Prince Ribbit
 10790 | D:8      | Found a blossoming altar of Fedhas.
 11769 | D:9      | Reached skill level 10 in Fighting
 12320 | D:9      | Reached skill level 11 in Axes
 12421 | D:10     | Entered Level 10 of the Dungeon
 12518 | D:10     | Reached XP level 11. HP: 94/101 MP: 11/11
 12881 | D:10     | Found a burning altar of Makhleb.
 12909 | D:10     | Became a worshipper of Makhleb the Destroyer
 13265 | D:10     | Found a glowing golden altar of the Shining One.
 13351 | D:10     | Found an iron altar of Okawaru.
 13730 | D:10     | Reached skill level 10 in Armour
 13832 | D:11     | Reached skill level 10 in Shields
 14241 | D:11     | Noticed Erolcha
 14248 | D:11     | Killed Erolcha
 14378 | D:11     | Noticed a cyclops
 14381 | D:11     | Killed a cyclops
 14382 | D:11     | Reached skill level 12 in Axes
 14494 | D:11     | Noticed a seven-headed hydra
 14510 | D:11     | Killed a seven-headed hydra
 14962 | D:11     | Noticed a manticore
 14968 | D:11     | Killed a manticore
 15132 | D:11     | Found a sparkling altar of Nemelex Xobeh.
 15277 | D:11     | Noticed Gastronok
 15297 | D:11     | Killed Gastronok
 15297 | D:11     | Reached * piety under Makhleb
 15298 | D:11     | Reached XP level 12. HP: 48/112 MP: 12/12
 15687 | D:12     | Cast into level 2 of the Abyss (a wizard)
 15723 | Abyss:2  | Noticed a white very ugly thing
 15792 | Abyss:3  | Noticed a tentacled starspawn
 15832 | Abyss:3  | Noticed a wretched star
 15898 | Abyss:3  | Noticed a thrashing horror
 15909 | Abyss:3  | Identified the +8 dagger of Action {freeze, rCorr Int+3
                  | Dex+4}
 16033 | Abyss:3  | Killed from afar by a meliai

Illustrated notes

Levels and vault maps discovered:
D:1:      eino_arrival_cavern_d, layout_basic, shapermc_ecumenical_altar_venn
D:2:      layout_basic, minmay_tiny_reverse_x
D:3:      layout_basic, small_statue_intersection, uniq_crazy_yiuf_cottage,
          uniq_ijyb, uniq_terence
D:4:      layout_basic, old_standard_altar, minmay_temple_entry_sparse_star,
          uniq_blork_the_orc
D:5:      layout_loops_cross, st_stairs_1, serial_bayou_lagoon_b
D:6:      layout_loops_ring, grunt_temple_overflow_order_and_chaos_1
D:7:      layout_basic, amcnicky_altar_gilded, lemuel_coloured_pillars_altar,
          uniq_duvessa
D:8:      layout_gridville, kennysheep_mini_moat, david_lair_generic,
          uniq_prince_ribbit1
D:9:      layout_roguey, minivault_22, minmay_stone_trees_small,
          kennysheep_cross_room
D:10:     layout_irregular_city, tso_metal_star, marbit_many_paths,
          lemuel_round_altar, hangedman_tell_no_tales
D:11:     layout_loops_ring, nemelex_spade_bored_becter, uniq_gastronok,
          uniq_erolcha
D:12:     layout_roguey, david_orc_1_choice
Temple:   oiseaux_autumnal_temple
Abyss:3:  base: Temple, minivault_24, grunt_abyss_rune_forest_and_sorcery,
          grunt_abyss_rune_wretched_hive, nicolae_abyss_rune_left_handed,
          grunt_abyss_rune_wretched_hive

Skill      XL: |  1  2  3  4  5  6  7  8  9 10 11 |
---------------+----------------------------------+-----
Axes           | 3 4 5 6 8 9 11 12 | 12.7
Fighting       | 4 5 6 7 9 10 11 | 11.9
Armour         | 4 5 6 8 9 11 | 11.0
Shields        | 4 5 6 8 9 10 | 10.9
Dodging        | |  0.7

Action                   |  1- 3 |  4- 6 |  7- 9 | 10-12 || total
-------------------------+-------+-------+-------+-------++-------
Melee: War axe           |   107 |   166 |   299 |   471 ||  1043
       Mace              |       |       |       |    10 ||    10
Throw: Dart              |       |       |     2 |     1 ||     3
Evoke: Wand              |       |     2 |    12 |       ||    14
  Use: Potion            |       |     1 |     1 |     5 ||     7
       Scroll            |       |       |    15 |    12 ||    27
Armor: Scale mail        |    39 |    73 |   124 |       ||   236
       Plate armour      |       |       |    32 |   375 ||   407
       Skin              |       |       |       |    11 ||    11
Dodge: Dodged            |    36 |    58 |    99 |   133 ||   326
Block: Kite shield       |    53 |    87 |   189 |   363 ||   692

Table legend: (Time is in decaauts)
 A = Elapsed time spent in this place.
 B = Non-inter-level travel time spent in this place.
 C = Inter-level travel time spent in this place.
 D = Time resting spent in this place.
 E = Time spent auto-exploring this place.
 F = Levels seen in this place.
 G = Mean time per level.
                   A        B        C        D        E       F      G
               +--------+--------+--------+--------+--------+-----+--------+
         Total |  16429 |  15715 |    714 |   1853 |  11478 |  15 | 1095.3 |
       Dungeon |  15719 |  15055 |    664 |   1752 |  11165 |  12 | 1309.9 |
        Temple |    364 |    314 |     50 |      0 |    312 |   1 |  364.0 |
         Abyss |    345 |    345 |      0 |    101 |      0 |   2 |  172.5 |
               +--------+--------+--------+--------+--------+-----+--------+

Top non-repeatable levels by time:
     D:5: 2396 daAuts
    D:11: 1621 daAuts
     D:9: 1582 daAuts
     D:3: 1530 daAuts
    D:10: 1502 daAuts
     D:8: 1447 daAuts
     D:7: 1441 daAuts
     D:6: 1303 daAuts
     D:1: 1146 daAuts
     D:4: 854 daAuts
     D:2: 817 daAuts
  Temple: 364 daAuts
 Abyss:3: 291 daAuts
    D:12: 75 daAuts
 Abyss:2: 53 daAuts
